[Event "Frauenbundesliga 2021-22"]
[Site "Germany"]
[Date "2022.05.27"]
[Round "4.22"]
[White "Rapport, Jovana"]
[Black "Ionica, Iulia-Ionela"]
[Result "1-0"]
[ECO "B07"]
[WhiteElo "2294"]
[BlackElo "2186"]
[Annotator "TA"]
[PlyCount "95"]
[EventDate "2021.11.26"]
[EventType "team-tourn"]
[EventCountry "GER"]
[SourceTitle "playchess.com"]
[Source "ChessBase"]
[SourceQuality "1"]
[WhiteTeam "Deizisau"]
[BlackTeam "Hemer"]
[TimeControl "40/5400+30:1800+30"]

1. e4 d6 2. d4 Nf6 3. Nc3 c6 4. Nf3 Qa5 5. Nd2 e5 6. Nc4 {[%emt 0:01:01] B07: Pirc Defence: Miscellaneous Systems.} Qc7 {[%emt 0:03:47] [#]} 7. d5 $146 ({Predecessor:} 7. a4 Be7 8. Be2 O-O 9. O-O Nbd7 10. Be3 d5 11. exd5 Nxd5 12. Nxd5 cxd5 13. Nxe5 Nxe5 14. dxe5 Qxe5 {1-0 (45) Roseneck,J (2178)-Salimov,R (2026) Khanty-Mansiysk 2016}) 7... Be7 (7... b5 $11 8. Ne3 b4) 8. Ne3 $14 {[%emt 0:06:47] White is slightly better.} O-O 9. a4 Re8 10. Bc4 Bf8 11. O-O Nbd7 12. a5 Nc5 13. Qf3 Rb8 14. b4 Na6 15. Rb1 (15. b5 {feels hotter.} cxd5 16. Nexd5 Nxd5 17. Bxd5 Nc5 18. b6) 15... cxd5 16. Ncxd5 Nxd5 17. Bxd5 Be6 18. c4 Qd8 19. Bd2 Nc7 20. Rfc1 {[%emt 0:02:37] White is more active.} b6 (20... Nxd5 $142 21. Nxd5 (21. cxd5 Bd7 $14) 21... Be7) 21. axb6 $40 {[%emt 0:03:44][%mdl 128] Black is in trouble.} axb6 22. b5 Qe7 23. Bc6 Rec8 24. Ra1 g6 (24... Qd8 {was necessary.} 25. Ra7 Qh4) 25. Nd5 Bxd5 26. cxd5 (26. exd5 Ne8 27. Ra6 Ng7 $16) 26... Ne8 27. Be3 Ng7 (27... Nf6 $142 28. Ra6 Qd8) 28. Ra6 $18 Qd8 29. g4 {[%emt 0:02:13] Prevents f5.} ({Much less strong is} 29. Ra7 $6 f5 30. exf5 (30. Qh3 Rc7 $16) 30... gxf5 $18) 29... Be7 30. Ra7 f6 31. Rd7 ({Not} 31. Qh3 Rc7 $18) 31... Qf8 32. Ra1 {[%emt 0:00:04] [#] Black must now prevent Raa7.} ({Don't play} 32. Qh3 Kh8 33. Ra1 Rd8 $18) 32... Rd8 33. Rda7 f5 34. R1a6 fxe4 (34... Rdc8 $142 35. Bxb6 Bd8) 35. Qxf8+ Kxf8 36. Bxb6 {[%emt 0:00:09] [#] Hoping for Bc7.} Rxb6 37. Rxb6 {[%emt 0:00:01] And now Rbb7 would win.} e3 38. fxe3 Bg5 39. Kf2 h5 40. Rbb7 Ne8 41. gxh5 gxh5 42. Rf7+ Kg8 43. Bxe8 {[%emt 0:01:25] White mates.} Bh4+ 44. Ke2 Rxe8 45. Rg7+ Kh8 46. Rh7+ Kg8 47. Rag7+ Kf8 48. Rh8+ {[%emt 0:00:23] Weighted Error Value: White=0.06 (flawless) /Black=0.44} (48. b6 $142 Rd8 49. b7 Bf6 50. Rc7 Kg8 51. Rhd7 Rf8 52. Rc8 Bd8 53. b8=Q) 1-0

[Event "Frauenbundesliga 2021-22"]
[Site "Germany"]
[Date "2022.05.27"]
[Round "4.23"]
[White "Moeller, Lisa-Marie"]
[Black "Koepke, Elena"]
[Result "0-1"]
[ECO "B06"]
[WhiteElo "1927"]
[BlackElo "2285"]
[Annotator "TA"]
[PlyCount "78"]
[EventDate "2021.11.26"]
[EventType "team-tourn"]
[EventCountry "GER"]
[SourceTitle "playchess.com"]
[Source "ChessBase"]
[SourceQuality "1"]
[WhiteTeam "Hemer"]
[BlackTeam "Deizisau"]
[TimeControl "40/5400+30:1800+30"]

1. e4 d6 2. d4 g6 3. Nc3 Bg7 4. Be3 a6 5. Nf3 b5 6. a3 {[%emt 0:03:57] B06: Modern Defence.} Bb7 7. Bd3 Nd7 8. Qd2 {[%emt 0:08:06] The position is equal.} c5 9. O-O Qc7 10. Rfe1 {[%emt 0:05:14] [#]} h6 $146 ({Predecessor:} 10... Ngf6 11. Bh6 O-O 12. Bxg7 Kxg7 13. h3 e5 14. d5 c4 15. Bf1 Nc5 16. Nh4 Nh5 {0-1 (32) Haletzki,B (1926)-Latzel,W (1820) Deggendorf 2006}) 11. Rad1 cxd4 12. Bxd4 Ngf6 13. e5 (13. Nd5 $5 Bxd5 14. exd5 $16) 13... dxe5 14. Nxe5 Nxe5 15. Bxe5 Qc6 {[%emt 0:03:32][%csl Gb7][%cal Rc6g2] [#]} 16. f3 O-O 17. Bxf6 (17. Kh1 $11) 17... Qxf6 $15 ({Don't play} 17... Bxf6 18. Qxh6 Qc5+ 19. Kh1 $11) 18. Be4 Qb6+ 19. Qe3 Qxe3+ {[%emt 0:00:21] Black continues to play with concentration.} 20. Rxe3 Bxe4 21. fxe4 Rfc8 22. e5 e6 23. Re2 Rc5 24. Rde1 Rac8 25. Kf2 h5 26. Re4 Rc4 27. Rxc4 (27. Kf3 $17) 27... Rxc4 $17 {[%emt 0:08:10][%mdl 4096] Endgame KRB-KRN} 28. Re4 Rc5 29. a4 Bxe5 30. axb5 {[%emt 0:00:31][%cal Oe4e5] Black must now prevent Rxe5!} Bxc3 31. bxc3 {[%emt 0:00:27] b6 is the strong threat.} axb5 $19 {[%emt 0:00:00] KR-KR} 32. Re3 Kg7 33. Ke2 Kf6 {[%emt 0:00:00] ( -> ...Re5)} 34. Kd3 $2 {[%emt 0:01:00] [#]} (34. Kd2 $19) 34... Rd5+ 35. Ke2 Re5 36. Kd2 Rxe3 37. Kxe3 Ke5 {[%emt 0:00:00] Black is clearly winning.} 38. Kd3 Kd5 {[%emt 0:00:00] Strongly threatening ...g5.} 39. g3 e5 {[%emt 0:00:00] Weighted Error Value: White=0.42/Black=0.03 (flawless)} 0-1

[Event "Frauenbundesliga 2021-22"]
[Site "Germany"]
[Date "2022.05.27"]
[Round "4.24"]
[White "Jelica, Mara"]
[Black "Dartmann Aubanell, Catriona"]
[Result "1-0"]
[ECO "B10"]
[WhiteElo "2121"]
[BlackElo "1874"]
[Annotator "TA"]
[PlyCount "61"]
[EventDate "2021.11.26"]
[EventType "team-tourn"]
[EventCountry "GER"]
[SourceTitle "playchess.com"]
[Source "ChessBase"]
[SourceQuality "1"]
[WhiteTeam "Deizisau"]
[BlackTeam "Hemer"]
[TimeControl "40/5400+30:1800+30"]

1. c4 c6 2. e4 d5 3. exd5 cxd5 4. cxd5 Nf6 5. Bb5+ Bd7 6. Bc4 g6 7. Nc3 Bg7 8. Nf3 {[%emt 0:00:49] B10: Caro-Kann: 2 d3 and 2 c4.} O-O 9. O-O Qb6 {[%emt 0:15:09] [#]} (9... b5 $142 10. Nxb5 Bxb5 11. Bxb5 Nxd5) 10. d3 $146 {[%emt 0:06:02] White is clearly better.} ({Predecessor:} 10. Re1 Na6 11. d3 Rae8 12. Ne5 Bf5 13. g4 Bc8 14. Be3 Qxb2 15. Bd4 Nxg4 16. Nb5 Qxd4 17. Nxd4 Bxe5 {1-0 (25) Kauppala,P (2063)-Ruosteenoja,E (1896) Jyvaskyla 2018}) 10... Na6 11. Qe2 Rfe8 12. Ne5 Rad8 (12... Qd6 $16) 13. Bg5 {[%emt 0:08:10][%cal Od5d6] [#] aiming for d6!} Bf5 14. Be3 (14. Rae1 $18) 14... Qd6 $16 15. Bxa7 ({White should play} 15. f4 $18) 15... Nc7 16. d4 {[%emt 0:11:19] Threatens to win with Bc5.} Nfxd5 17. Bc5 Qf6 18. Rad1 {[%emt 0:06:09] White is more active.} Qg5 ({Better is} 18... Be6) 19. f4 $36 {[%emt 0:09:31][%mdl 2048] White is really pushing.} Qh4 20. g3 Qf6 (20... Qh3 $16 {keeps fighting.} 21. Rde1 Be6) 21. Qf3 $18 e6 22. g4 {[%emt 0:03:49] [#] And now g5 would win.} g5 $2 (22... Bc2 23. Rc1 b6) 23. gxf5 gxf4 24. fxe6 fxe6 25. Bxd5 Nxd5 26. Nxd5 exd5 27. Qxf4 Qa6 28. Qf7+ Kh8 29. Be7 Rg8 30. Kh1 Qe2 31. Qf3 {[%emt 0:00:53] Weighted Error Value: White=0.21 (precise) /Black=0.79} (31. Rde1 $142 Qxe1 32. Rxe1 Rgf8 33. Qh5 h6 34. Bxd8 Rf4 35. Ng6+ Kh7 36. Nxf4 Kg8 37. Re8+ Bf8 38. Qg6+ Kh8 39. Rxf8#) 1-0

[Event "Frauenbundesliga 2021-22"]
[Site "Germany"]
[Date "2022.05.27"]
[Round "4.25"]
[White "Sieber, Fiona"]
[Black "Abdumalik, Zhansaya"]
[Result "0-1"]
[ECO "B40"]
[WhiteElo "2264"]
[BlackElo "2489"]
[Annotator "TA"]
[PlyCount "48"]
[EventDate "2021.11.26"]
[EventType "team-tourn"]
[EventCountry "GER"]
[SourceTitle "playchess.com"]
[Source "ChessBase"]
[SourceQuality "1"]
[WhiteTeam "Lehrte"]
[BlackTeam "Baden-Baden"]
[TimeControl "40/5400+30:1800+30"]

1. e4 c5 2. Nf3 a6 3. c4 e6 4. Nc3 Qc7 5. Be2 b6 6. O-O {[%emt 0:00:34] B40: Sicilian: 2...e6, Unusual lines.} Bb7 7. a3 Nf6 8. e5 {[%emt 0:03:12] White is slightly better.} Ng4 9. d4 {[%emt 0:04:55] [#] Threatens to win with h3.} Nc6 $146 ({Predecessor:} 9... cxd4 10. Qxd4 h5 11. Ne4 Nc6 12. Nd6+ Bxd6 13. Qxd6 Rc8 14. Bf4 Qxd6 15. exd6 f6 {½-½ (57) Berzina,I (2280)-Cramling,P (2492) Tallinn 2006}) 10. d5 (10. Bf4 Nxd4 11. Nxd4 cxd4 $11) (10. h3 $14 cxd4 11. Nd5 exd5 12. hxg4) 10... Ncxe5 $11 11. Nxe5 Nxe5 12. f4 Ng6 13. dxe6 (13. Bf3 $15 O-O-O 14. g3) 13... dxe6 $17 14. f5 Ne5 (14... Qc6 $2 15. Bf3 Qc8 16. fxg6 hxg6 17. Qa4+ b5 18. cxb5 Bxf3 19. Rxf3 $18) (14... Rd8 $17 15. Qc2 (15. Qa4+ Bc6 $17) 15... Bd6) 15. fxe6 $11 {[%emt 0:02:42] Black must now prevent Bf4.} fxe6 (15... Qc6 $2 16. exf7+ Nxf7 17. Bf3 $18) 16. Bh5+ (16. Bg4 $5 Nxg4 17. Qxg4 $14) 16... g6 17. Bg4 Qc6 18. Bf3 (18. Bh3 $14 {keeps the upper hand.} Bg7 19. Qe2 (19. Bg5 Nf7 $11)) 18... Nxf3+ $40 {[%emt 0:01:04][%mdl 128] Black is out for blood.} 19. Rxf3 Bg7 $1 20. Bg5 {[%emt 0:02:06] [#]} (20. Be3 $17) 20... Bd4+ $1 $19 {[%emt 0:00:45] This bishop pair is nice.} (20... Rf8 21. Nd5 h6 22. Bh4 Bd4+ 23. Kh1 $17) 21. Kh1 {[%emt 0:00:07] [#]} h6 $1 ({And not} 21... Rf8 22. Nd5 Kd7 23. Qe2 $15) 22. Qc2 $2 (22. Bd2) 22... Qxf3 {[%emt 0:00:47] Black is clearly winning.} 23. Nd5 {[%emt 0:09:44] [#]} Bxd5 $1 24. cxd5 Qf5 {[%emt 0:00:18] Weighted Error Value: White=0.82/Black=0.28 (precise)} 0-1

[Event "Frauenbundesliga 2021-22"]
[Site "Germany"]
[Date "2022.05.27"]
[Round "4.26"]
[White "Paehtz, Elisabeth"]
[Black "Newrkla, Katharina"]
[Result "1/2-1/2"]
[ECO "B99"]
[WhiteElo "2497"]
[BlackElo "2232"]
[Annotator "TA"]
[PlyCount "95"]
[EventDate "2021.11.26"]
[EventType "team-tourn"]
[EventCountry "GER"]
[SourceTitle "playchess.com"]
[Source "ChessBase"]
[SourceQuality "1"]
[WhiteTeam "Baden-Baden"]
[BlackTeam "Lehrte"]
[TimeControl "40/5400+30:1800+30"]

1. e4 c5 2. Nf3 d6 3. d4 cxd4 4. Nxd4 Nf6 5. Nc3 a6 6. Bg5 e6 7. f4 Be7 8. Qf3 Qc7 9. O-O-O Nbd7 10. g4 h6 11. Bxf6 Bxf6 12. h4 Nb6 $1 {[%emt 0:02:13][%mdl 4] now scores much better than the old 12...Qb6. B99: Sicilian Najdorf: 6 Bg5 e6 7 f4 Be7 8 Qf3 Qc7 9 0-0-0 Nbd7.} 13. g5 Bxd4 14. Rxd4 Qc5 {[%emt 0:00:38] White is slightly better.} 15. Rd2 Bd7 16. Be2 O-O-O 17. Rhd1 Bc6 18. Rd4 {[%emt 0:09:01] [#]} (18. gxh6 $16 Rxh6 19. Rd4) 18... a5 $146 (18... d5 $1 $14) ({Predecessor:} 18... d5 19. e5 Nd7 20. Qg3 g6 21. a4 a5 22. Nb5 Bxb5 23. Bxb5 Kb8 24. Kb1 hxg5 25. hxg5 {0-1 (47) Mchedlishvili,M (2595)-Suleymenov,A (2445) Tashkent 2022}) 19. a3 {[%emt 0:04:41] aiming for b4.} a4 20. Kb1 hxg5 21. hxg5 ({White should play} 21. fxg5 $16 Rd7 22. Qg3) 21... Kb8 $14 22. Na2 Rc8 23. Nb4 d5 24. exd5 {[%emt 0:06:12] White is more active.} Bxd5 25. Qe3 {[%emt 0:01:43] Threatens to win with Qe5+.} Bg2 (25... Rh2 $11) 26. g6 (26. Bg4 $16) 26... fxg6 (26... f5 $11 {remains equal.}) 27. Bg4 $16 Nd5 28. Qe5+ Ka7 $2 {[%emt 0:00:08] [#]} (28... Qc7 $16) 29. Bxe6 $2 (29. Qe2 $1 $18 Rh1 30. Qxg2 Rxd1+ 31. Rxd1) 29... Nxb4 $14 30. Qxc5+ ({But not} 30. Bxc8 Qxc2+ 31. Ka1 Nc6 $11) 30... Rxc5 31. axb4 Rc6 (31... Rc7 $14 {should be considered.}) 32. Bd7 $16 {[%emt 0:01:17][%cal Be6d7,Bd7a4,Ba4c2][%mdl 32] Hoping for Rg1.} Rf6 33. Bxa4 Rh4 34. Rg1 Bf3 35. c3 Rhxf4 36. Rxf4 Rxf4 {[%emt 0:00:05][%mdl 4096] Endgame KRB-KRB} 37. Bc2 Rg4 38. Rxg4 Bxg4 39. Bxg6 {[%emt 0:00:05] KB-KB} Kb6 40. Kc2 Kc7 41. Kd3 Kd6 42. c4 Bd7 43. c5+ (43. Kd4 $142) 43... Kc7 44. Kd4 Ba4 {[%emt 0:01:38] [#]} (44... b6 $142) 45. Ke5 (45. Kc4 $142 $1) 45... Bb3 {[%emt 0:00:30] White is better.} 46. Be4 Bf7 47. b5 b6 48. b4 {[%emt 0:04:34] Weighted Error Value: White=0.22 (precise) /Black=0.21 (precise)} 1/2-1/2

[Event "Frauenbundesliga 2021-22"]
[Site "Germany"]
[Date "2022.05.27"]
[Round "4.27"]
[White "Manusina, Nicole"]
[Black "Zatonskih, Anna"]
[Result "0-1"]
[ECO "E46"]
[WhiteElo "2003"]
[BlackElo "2386"]
[Annotator "TA"]
[PlyCount "84"]
[EventDate "2021.11.26"]
[EventType "team-tourn"]
[EventCountry "GER"]
[SourceTitle "playchess.com"]
[Source "ChessBase"]
[SourceQuality "1"]
[WhiteTeam "Lehrte"]
[BlackTeam "Baden-Baden"]
[TimeControl "40/5400+30:1800+30"]

1. d4 Nf6 2. c4 e6 3. Nc3 Bb4 4. e3 O-O 5. Nge2 c6 6. a3 {[%emt 0:05:12] E46: Nimzo-Indian: Rubinstein: 4 e3 0-0 5 Ne2 without early Bd3.} Ba5 7. b4 Bc7 8. e4 {[%emt 0:02:30] The position is equal.} d6 {[%emt 0:04:55] Prevents e5.} 9. Ng3 a5 {[%emt 0:00:44] Strongly threatening ...axb4.} 10. b5 e5 {[%emt 0:12:50] [#]} 11. dxe5 $146 ({Predecessor:} 11. Be2 exd4 12. Qxd4 Nbd7 13. Bb2 d5 14. exd5 cxd5 15. cxd5 Be5 16. Qd2 Nb6 17. Rd1 {½-½ (42) Oparin,G (2565)-Padmini,R (2427) Caleta 2016}) 11... dxe5 12. Be3 Qe7 (12... Be6 $11) 13. h3 (13. Na4 $14) 13... Be6 14. Be2 Nbd7 15. O-O Bd6 16. bxc6 bxc6 17. Qa4 (17. Nd5 $1 $11 {should be considered.} cxd5 18. cxd5) 17... Rfc8 $15 18. Rfb1 Bc5 19. Nd1 Bd4 20. Ra2 Nc5 21. Qc2 a4 (21... Rcb8 {with more complications.} 22. Nf5 Qd7 23. Bf3 h6) 22. Kh2 ({White should try} 22. Bxd4 exd4 23. Nb2) 22... Rcb8 23. Rxb8+ Rxb8 24. Nc3 (24. Nb2 $17) 24... Qa7 $1 $19 25. Nd1 Rb3 26. Bf3 Nfd7 (26... Nd3 $19 27. Qd2 c5) 27. Ne2 (27. Nf5 $17) 27... Nb7 28. Nc1 Ndc5 {[%emt 0:02:36] 0x0.0024a89c7447dp-1022s more active pieces.} ({Reject} 28... Rxe3 $6 29. Nxe3 Bxe3 30. fxe3 $11) (28... Na5 $17 {[%cal Od7b6] aiming for ...Nb6!} 29. Bxd4 exd4) 29. Ne2 $2 {[%emt 0:00:54] This costs White the game.} (29. Qd2 $15) 29... Nd3 30. Nc1 Nxc1 31. Qxc1 Qb6 32. Rc2 Qc5 33. Bxd4 exd4 ({Inferior is} 33... Qxd4 34. Ne3 $15) 34. Qf4 Nd6 ({Not} 34... Qxa3 35. Ra2 Qf8 36. e5 $17) 35. e5 (35. Nb2 {was the only defense.} Qxa3 36. Bd1) 35... Nxc4 36. g3 (36. Bxc6 $142 d3 37. Bxa4 Rxa3 38. Rc3 Rxa4 39. Rxd3) 36... h6 37. Bxc6 Qxc6 38. Qxd4 Qd5 39. Qa1 Rxa3 (39... Nxe5 $142 40. Ne3 Nf3+ 41. Kh1 {[#]} Rxe3 $1 42. fxe3 Ne1+ 43. Kg1 Nxc2 44. Qf1 Nxe3 45. Qe2 Bxh3 $1 46. g4 Qc5 47. Kh2 Bxg4 48. Qf2 Qxa3 49. Qe1 Qb2+ 50. Kg3 Qe5+ 51. Kf2 Nd1+ 52. Qxd1 Bxd1 53. Kg2 Qe1 54. Kh2 Qf2+ 55. Kh3 Qg1 56. Kh4 Qh2#) 40. Qc1 Rd3 41. Nc3 Qf3 {[%emt 0:30:40][%cal Od3c3] ( -> ...Rxc3!)} 42. Nxa4 Rd1 {[%emt 0:00:14] Weighted Error Value: White=0.78/Black=0.49} 0-1

[Event "Frauenbundesliga 2021-22"]
[Site "Germany"]
[Date "2022.05.27"]
[Round "4.28"]
[White "Salimova, Nurgyul"]
[Black "Yaghy, Ritta."]
[Result "1-0"]
[ECO "E04"]
[WhiteElo "2418"]
[BlackElo "2010"]
[Annotator "TA"]
[PlyCount "95"]
[EventDate "2021.11.26"]
[EventType "team-tourn"]
[EventCountry "GER"]
[SourceTitle "playchess.com"]
[Source "ChessBase"]
[SourceQuality "1"]
[WhiteTeam "Baden-Baden"]
[BlackTeam "Lehrte"]
[TimeControl "40/5400+30:1800+30"]

1. c4 e6 2. g3 d5 3. Bg2 Nf6 4. Nf3 c5 5. d4 Nc6 6. O-O dxc4 7. dxc5 Qa5 {[%emt 0:02:53] E04: Open Catalan: 5 Nf3.} 8. Na3 {[%emt 0:03:25] [#]} Be7 $146 ({Predecessor:} 8... Qxc5 9. Be3 Qb4 10. Nd4 Bd7 11. Nxc6 Bxc6 12. Bxc6+ bxc6 13. Rc1 c3 14. Rxc3 Nd5 15. Rxc6 {1-0 (32) Tabatabaei,M (2488)-Mousavi,S (2427) Baku 2015}) 9. Nxc4 Qxc5 {[%emt 0:00:10] White is better.} 10. b3 O-O 11. Ba3 Qh5 (11... Nb4 $14) 12. Bxe7 $16 Nxe7 13. Nfe5 Ng4 14. Nxg4 {[%emt 0:00:15] Active counter play!} Qxg4 15. Bf3 (15. Qd2 $18) 15... Qg6 16. Rc1 Nc6 17. Qd6 Qf6 (17... Rd8 $16 18. Qc5 Qf5) 18. Bxc6 bxc6 19. Qxc6 Rb8 20. Na5 h6 21. Qc7 (21. Rfe1 $18) 21... Ba6 22. Rfe1 Rbc8 23. Qf4 (23. Qxa7 $14 Rxc1 24. Rxc1) 23... Qxf4 24. gxf4 Rxc1 25. Rxc1 Bxe2 $11 {[%emt 0:00:17][%mdl 4096] Endgame KRB-KRN} 26. Rc7 a6 27. Nc6 Bf3 28. Ne5 Bd5 29. h4 Be4 (29... a5 $11) 30. f3 $14 Bb1 31. a3 f6 32. Nd7 Rd8 33. Nc5 Bf5 (33... Rd6 $14) 34. Kf2 Rd2+ 35. Kg3 h5 36. b4 ({Better is} 36. a4 $16) 36... Ra2 37. a4 Rb2 (37... Ra3 $14) 38. Rb7 $1 $16 ({But not} 38. Nxa6 $6 Bd3 $11) 38... Rc2 39. a5 Rb2 $2 (39... Rc3 $16 {keeps fighting.}) 40. b5 $1 $18 axb5 (40... Rxb5 $2 41. Rxb5 e5 42. Nxa6 $18) 41. a6 Ra2 42. Rxb5 $2 (42. a7 $18) 42... Kh7 $1 $14 43. Rb7 {[%emt 0:01:16] Black must now prevent a7.} (43. Rb4 $5 Ra5 44. Ra4 $1 Rxc5 45. a7 $16) 43... Kg6 (43... Kh6 $11 {keeps the balance.}) 44. a7 $16 Kh6 45. Rc7 (45. Rf7 $16) 45... Kg6 $2 (45... g5 $1 $11 {and Black stays safe.}) 46. Nd7 $18 {[%emt 0:00:00] Nb6 is the strong threat.} Bd3 47. Nb6 Bf1 {[%emt 0:00:00] [#]} 48. Rc1 $1 {[%emt 0:00:00] Weighted Error Value: White=0.28 (precise) /Black=0.42} 1-0

[Event "Frauenbundesliga 2021-22"]
[Site "Germany"]
[Date "2022.05.27"]
[Round "4.29"]
[White "Braje, Monika"]
[Black "Heinemann, Josefine"]
[Result "0-1"]
[ECO "B22"]
[WhiteElo "1773"]
[BlackElo "2300"]
[Annotator "TA"]
[PlyCount "58"]
[EventDate "2021.11.26"]
[EventType "team-tourn"]
[EventCountry "GER"]
[SourceTitle "playchess.com"]
[Source "ChessBase"]
[SourceQuality "1"]
[WhiteTeam "Lehrte"]
[BlackTeam "Baden-Baden"]
[TimeControl "40/5400+30:1800+30"]

1. e4 c5 2. d4 cxd4 3. c3 Nf6 4. e5 Nd5 5. Nf3 d6 6. exd6 {[%emt 0:01:38] B22: Sicilian: 2 c3.} ({Don't play} 6. Nxd4 dxe5 7. Nb5 e6 $15) 6... e6 {[%emt 0:02:46] is cutting edge theory.} 7. Nxd4 {[%emt 0:00:56] [#] aiming for c4.} Bxd6 8. Be2 {[%emt 0:01:01] The position is equal.} O-O 9. O-O {[%emt 0:02:47] [#]} Bd7 $146 ({Predecessor:} 9... Nc6 10. Nxc6 bxc6 11. Bf3 Qc7 12. h3 Rd8 13. Bxd5 cxd5 14. Be3 Rb8 15. Qc2 d4 16. Bd2 e5 17. Re1 d3 18. Qc1 f5 19. f4 {0-1 (19) Lauer,F (1440)-Szczepanski,Z (2229) LSS email 2019}) 10. Nd2 Nc6 11. N2f3 Rc8 12. Bg5 f6 13. Bh4 Nce7 14. Qb3 Qb6 15. Rfe1 Qxb3 (15... e5 {keeps more tension.} 16. Bg3 Rfd8 17. Nd2 Qxb3 18. axb3 Bb8) 16. Nxb3 Rfd8 17. Rad1 Be8 18. c4 (18. Nfd4 $11 e5 19. Ne6) 18... Nf4 $17 {[%emt 0:02:44] Black is more active.} 19. Bf1 e5 20. c5 $1 Bc7 $36 {[%emt 0:01:01][%cal Bd6c7,Bc7d8,Bd8a5][%mdl 2080] Keeping White busy.} 21. Bc4+ ({Better is} 21. Bg3) 21... Bf7 22. Bxf7+ ({White should try} 22. Bf1) 22... Kxf7 23. Kf1 (23. Rd2 $17) 23... Nd3 $19 24. Re2 {[%emt 0:06:02] [#]} Nxc5 $1 25. Rxd8 Bxd8 26. Nxc5 Rxc5 27. Rd2 Ba5 28. Rd1 Rc2 {[%emt 0:00:38] Against Nd2} 29. Rb1 (29. g4 {keeps fighting.}) 29... Nf5 {[%emt 0:00:09] Weighted Error Value: White=0.30/Black=0.05 (flawless)} 0-1

[Event "Frauenbundesliga 2021-22"]
[Site "Germany"]
[Date "2022.05.27"]
[Round "4.30"]
[White "Tammert, Iamze"]
[Black "Grabowski, Petra"]
[Result "1-0"]
[ECO "A36"]
[WhiteElo "2302"]
[BlackElo "1635"]
[Annotator "TA"]
[PlyCount "73"]
[EventDate "2021.11.26"]
[EventType "team-tourn"]
[EventCountry "GER"]
[SourceTitle "playchess.com"]
[Source "ChessBase"]
[SourceQuality "1"]
[WhiteTeam "Baden-Baden"]
[BlackTeam "Lehrte"]
[TimeControl "40/5400+30:1800+30"]

1. c4 c5 2. Nc3 Nc6 3. g3 Nf6 4. Bg2 e5 5. d3 d6 6. e3 {[%emt 0:01:37] A36: Symmetrical English vs ...g6: 4 Bg2 Bg7.} g6 7. Nge2 Bg7 8. O-O {[%emt 0:01:12] White has an edge.} O-O 9. Nd5 {[%emt 0:03:45] [#]} Ne7 $146 ({Predecessor:} 9... Ne8 10. Rb1 f5 11. f4 Be6 12. b3 Nf6 13. Nec3 Rc8 14. Bb2 Ne7 15. Nxe7+ Qxe7 16. Qe2 {1-0 (59) Pretto,A (1732)-Badano,F (1741) Arco 2011}) 10. Nxf6+ Bxf6 11. d4 Nf5 (11... exd4 $11 12. exd4 Nc6) 12. dxc5 $14 dxc5 13. Nc3 Rb8 14. Qa4 a6 {[%emt 0:03:38] White stays focused until the end.} 15. Rd1 Qe8 16. Qa3 {[%emt 0:05:30] White is more active.} Be6 ({Better is} 16... b6) 17. Qxc5 $16 Rc8 (17... b6 $16 18. Qc7 Qc8 19. Qxc8 Rfxc8) 18. Qb6 $18 Rxc4 19. Qxb7 Bc8 20. Qd5 Be6 21. Qa5 Qc8 22. Ne4 Bd8 23. Qe1 ({Stronger than} 23. Qxe5 Bc7 24. Qf6 (24. Nf6+ $2 Kh8 $19) 24... Bd8 $11) 23... Rc2 24. b3 Bb6 ({Weaker is} 24... Be7 25. Bd2 $16) 25. Bd2 Ne7 $2 (25... Kg7 {might work better.} 26. Rac1 f6) 26. Bb4 Qc7 (26... Nf5 $142 27. Bxf8 Qxf8) 27. Bd6 Qa7 28. Bxe5 f5 29. Ng5 Bc8 30. Rdc1 Rxc1 31. Qxc1 {[%emt 0:00:12] [#] Threatening mate with Qc4+.} Bb7 32. Qc4+ {[%emt 0:00:11] White mates.} Bd5 33. Bxd5+ Nxd5 34. Qxd5+ Rf7 35. Rc1 Qd7 {[%emt 0:01:48] [#]} 36. Rc8+ $3 Bd8 37. Rxd8+ {[%emt 0:00:10] Weighted Error Value: White=0.04 (flawless) /Black=0.54} 1-0

[Event "Frauenbundesliga 2021-22"]
[Site "Germany"]
[Date "2022.03.19"]
[Round "5.5"]
[White "Salimova, Nurgyul"]
[Black "Fuchs, Judith"]
[Result "1-0"]
[ECO "A46"]
[WhiteElo "2400"]
[BlackElo "2233"]
[Annotator "ChessBase"]
[PlyCount "61"]
[EventDate "2021.11.26"]
[EventType "team-tourn"]
[EventCountry "GER"]
[SourceTitle "playchess.com"]
[Source "ChessBase"]
[SourceQuality "1"]
[TimeControl "40/5400+30:1800+30"]

1. d4 Nf6 2. Nf3 c5 3. c3 e6 4. Bg5 Be7 5. e3 b6 6. Nbd2 Bb7 7. Bd3 h6 8. Bh4 d6 9. h3 Nbd7 10. Qe2 Qc7 11. O-O-O a6 12. Kb1 b5 13. dxc5 Nxc5 14. Bc2 Rc8 15. e4 e5 16. Bxf6 Bxf6 17. Nf1 O-O 18. Ne3 Nxe4 19. Ng4 Qc6 20. Rhe1 Be7 21. Ne3 Nc5 22. Nf5 Qc7 23. N3d4 Bg5 24. h4 Bd8 25. Qg4 g6 26. Nxh6+ Kh8 27. h5 exd4 28. Qxd4+ f6 29. hxg6 d5 30. Nf5 Kg8 31. g7 1-0

[Event "Frauenbundesliga 2021-22"]
[Site "Germany"]
[Date "2022.03.19"]
[Round "5.6"]
[White "Genova, Lyubka"]
[Black "Doll, Rebecca"]
[Result "1-0"]
[ECO "C47"]
[WhiteElo "2222"]
[BlackElo "1941"]
[Annotator "ChessBase"]
[PlyCount "83"]
[EventDate "2021.11.26"]
[EventType "team-tourn"]
[EventCountry "GER"]
[SourceTitle "playchess.com"]
[Source "ChessBase"]
[SourceQuality "1"]
[TimeControl "40/5400+30:1800+30"]

1. e4 e5 2. Nf3 Nc6 3. Nc3 Nf6 4. d4 exd4 5. Nxd4 Nxe4 6. Nxe4 Qe7 7. f3 d5 8. Nxc6 bxc6 9. Bd3 dxe4 10. fxe4 Qh4+ 11. g3 Qf6 12. c3 Bh3 13. Qe2 Bd6 14. Be3 Be5 15. O-O-O a5 16. Bc2 O-O 17. Bd4 Rfe8 18. Kb1 Qg6 19. Qf2 Re7 20. Bxe5 Rxe5 21. Qf4 Qe6 22. Rhg1 g5 23. Qf2 Bg4 24. Rdf1 a4 25. h4 Bh3 26. Rd1 h6 27. hxg5 hxg5 28. Rh1 g4 29. Rd4 c5 30. Rdd1 a3 31. b3 Rb8 32. Ka1 Rh5 33. Rhe1 Qe5 34. Re3 Qe6 35. Bd3 Rh6 36. e5 Rh5 37. Bc4 Qf5 38. Qe2 Kg7 39. e6 fxe6 40. Rxe6 Qf3 41. Re7+ Kg6 42. Bd3+ 1-0